 Dungeon Crawl Stone Soup version 0.24.0-125-gc4c63601f3 (webtiles) character file.

Game seed: 9625551926539395422, levelgen mode: deterministic

78528 Johnny the Earth Mage (level 14, -14/93 HPs)
             Began as a Demigod Earth Elementalist on Feb 22, 2020.
             Shot with a bolt by a yaktaur (33 damage)
             ... on level 14 of the Dungeon.
             The game lasted 00:40:27 (28311 turns).

Johnny the Earth Mage (Demigod Earth Elementalist) Turns: 28311, Time: 00:40:27

Health: -14/93     AC:  8    Str: 14    XL:     14   Next: 77%
Magic:  44/47      EV: 12    Int: 31    God:
Gold:   1336       SH:  5    Dex: 11    Spells: 31/44 levels left

rFire    + . .     SeeInvis .   Z - staff of earth
rCold    . . .     Gourm    .   s - +0 buckler
rNeg     + . .     Faith    .   L - +1 robe {rC+}
rPois    +         Spirit   .   (no helmet)
rElec    +         Reflect  .   D - +2 cloak
rCorr    .         Harm     .   M - +0 pair of gloves "Qicau" {Str+3 Int+4}
MR       +....                  u - +0 pair of boots
Stlth    ++........             (no amulet)
HPRegen  0.25/turn              S - ring of magical power
MPRegen  0.30/turn              X - ring of the Louse {Fire rElec rPois rN+ Dex-5}

@: no status effects
A: high mp 1
a: no special abilities


You were on level 14 of the Dungeon.
You were hungry.

You visited 3 branches of the dungeon, and saw 22 of its levels.
You also visited: Ossuary and Gauntlet.

You collected 1336 gold pieces.

Inventory:

Hand Weapons
 I - the +8 short sword "Izafanne" {protect, *Noise rF+ Str+4 Dex+4, unknown}
   (You found it on level 1 of the Lair of Beasts)

   It grants its wielder temporary protection when it strikes (+7 to AC).
   It affects your strength (+4).
   It affects your dexterity (+4).
   It protects you from fire.
   It may make noises in combat.
Missiles
 b - 171 stones (quivered)
Armour
 s - a +0 buckler (worn)
 u - a +0 pair of boots (worn)
 D - a +2 cloak (worn)
 L - a +1 robe of cold resistance (worn)
 M - the +0 pair of gloves "Qicau" (worn) {Str+3 Int+4}
   (You found it in a Gauntlet)

   It affects your strength (+3).
   It affects your intelligence (+4).
 O - the +0 pair of gloves of Makhleb's Supremacy {+Blink Str-4 Dex+7}
   (You found it on level 1 of the Lair of Beasts)

   It affects your strength (-4).
   It affects your dexterity (+7).
   It lets you blink.
Magical Staves
 q - an uncursed staff of power
 T - an uncursed staff of conjuration {unknown}
 Z - an uncursed staff of earth (weapon)
Jewellery
 e - an uncursed ring of fire
 x - a +4 ring of protection
 B - an uncursed ring of resist corrosion
 S - a ring of magical power (left hand)
 X - the ring of the Louse (right hand) {Fire rElec rPois rN+ Dex-5}
   (You found it on level 6 of the Lair of Beasts)

   [ring of fire]

   It enhances your fire magic.
   It affects your dexterity (-5).
   It protects you from fire.
   It makes you vulnerable to cold.
   It insulates you from electricity.
   It protects you from poison.
   It protects you from negative energy.
Wands
 j - a wand of clouds (3)
 J - a wand of acid (12)
 N - a wand of paralysis (1)
 P - a wand of iceblast (9)
Scrolls
 g - 9 scrolls of remove curse
 k - 16 scrolls of enchant armour
 m - 9 scrolls of teleportation
 n - 4 scrolls of silence {unknown}
 o - a scroll of noise {unknown}
 t - 3 scrolls of blinking
 y - a scroll of magic mapping
 F - 2 scrolls of fog
 G - a scroll of summoning {unknown}
 H - a scroll of acquirement {unknown}
 R - 2 scrolls of immolation
 V - 2 scrolls of fear
 Y - 2 scrolls of vulnerability {unknown}
Potions
 a - 2 potions of haste
 f - 6 potions of might
 h - 5 potions of brilliance
 i - 2 potions of ambrosia
 l - 8 potions of heal wounds
 p - 4 potions of flight
 v - 3 potions of cancellation {unknown}
 w - 6 potions of agility
 z - 2 potions of invisibility {unknown}
 A - 4 potions of magic {unknown}
 C - 3 potions of resistance
 E - 5 potions of lignification {unknown}
 Q - a potion of experience {unknown}
 U - a potion of mutation {unknown}
 W - 3 potions of curing
Miscellaneous
 c - a lightning rod (4/4)
 K - a lamp of fire
Comestibles
 d - 41 rations


   Skills:
 - Level 1.7 Dodging
 - Level 1.7 Stealth
 - Level 4.5 Shields
 + Level 15.5 Spellcasting
 - Level 0.8 Transmutations
 + Level 16.7 Earth Magic


You had 31 spell levels left.
You knew the following spells:

 Your Spells              Type           Power        Failure   Level  Hunger
a - Sandblast             Erth           ######       0%          1    None
b - Stone Arrow           Conj/Erth      ######       1%          3    None
c - Lee's Rapid Deconstr  Erth           ########..   1%          5    None
d - Petrify               Tmut/Erth      #######.     1%          4    None

Your spell library contained the following spells:

 Spells                   Type           Power        Failure   Level  Hunger
 Animate Skeleton         Necr           N/A          1%          1    None
 Confusing Touch          Hex            ###...       1%          1    None
 Corona                   Hex            ###....      1%          1    None
 Pain                     Necr           ###.         1%          1    None
 Passwall                 Tmut/Erth      #######.     1%          2    None
 Ensorcelled Hibernation  Hex/Ice        ###...       2%          2    None
 Confuse                  Hex            ###.....     5%          3    None
 Dazzling Spray           Conj/Hex       ###...       5%          3    None
 Gell's Gravitas          Tloc           ###.......   5%          3    None
 Recall                   Summ/Tloc      N/A          5%          3    None
 Regeneration             Chrm/Necr      ###.......   5%          3    None
 Tukima's Dance           Hex            ###.....     5%          3    None
 Vampiric Draining        Necr           ###.......   5%          3    None
 Animate Dead             Necr           N/A          19%         4    None
 Yara's Violent Unravell  Hex/Tmut       ####......   41%         5    None
 Aura of Abjuration       Summ           ###.......   45%         5    None
 Metabolic Englaciation   Hex/Ice        ###.......   45%         5    None
 Summon Demon             Summ           ###.......   45%         5    None
 Summon Forest            Summ/Tloc      ###.......   45%         5    None
 Summon Mana Viper        Hex/Summ       ###.....     45%         5    None
 Shadow Creatures         Summ           N/A          96%         6    ###....


Dungeon Overview and Level Annotations

Branches:
Dungeon (14/15)            Temple (0/1) D:5            Lair (6/6) D:11
 Shoals (0/4) Lair:2        Snake (0/4) Lair:3        Slime (0/5) Lair:5
    Orc (2/2) D:10        Ossuary (visited)         Gauntlet (visited)
    Elf: Orc:2       Vaults: D:13-14

Shops:
D:8 }

Annotations:
D:3 exclusion: oklob plant
D:7 3 runed translucent doors, spacerossing's ghost, novice HuGl
Lair:6 1 runed translucent door
Orc:2 Saint Roka


Innate Abilities, Weirdness & Mutations

You have an increased reservoir of magic. (+10% MP)


Message History

The blast of rock fragments hits the fire elemental!!!
You destroy the fire elemental!
The blast of rock fragments hits something!!
Reactivating autopickup.
You feel a bit more experienced.
You hear a bark!
Unknown command.
You start resting.
A yaktaur comes into view.
Casting: Lee's Rapid Deconstruction (safe; 1% risk of failure)
Confirm with . or Enter, or press ? or * to list all spells.
Okay, then.
The yaktaur wields a cursed -3 arbalest.
The yaktaur shoots a bolt.
The bolt hits you!!
* * * LOW HITPOINT WARNING * * *
You see here a bolt.
You start resting.
The yaktaur is too close now for your liking.
The yaktaur shoots a bolt.
The bolt hits you!!
You die...

####....# ###..## .
#######..#### ###..
............## #.#...
.............# ......
.............# ##.......
.............###........
............(##..........
............c.@..........
#............#...........
#............##..........
##...........##..........
##..........###......>..
##.........# #.........
###......## #?)(......
##..## #.#.......
#.###.....


You could see a yaktaur.

Vanquished Creatures
  An entropy weaver (Gauntlet)
  Nessos (Lair:4)
  A minotaur (Gauntlet)
  4 hydras
  Fannar (D:10)
  3 centaur warriors
  4 death yaks (Gauntlet)
  4 two-headed ogres
  2 tengu warriors
  An unseen horror (D:14)
  An orc knight (D:12)
  A necromancer (Gauntlet)
  6 lindwurms (Lair:6)
  2 oklob plants
  An ugly thing (D:11)
  4 cyclopes
  A manticore (D:11)
  Maurice (D:11)
  17 elephants (Lair:6)
  Joseph (D:10)
  7 black mambas
  A gargoyle (D:12)
  12 spiny frogs
  6 torpor snails
  5 rime drakes
  5 komodo dragons
  9 polar bears (Lair:6)
  A jumping spider (Gauntlet)
  A troll (D:10)
  2 tengu conjurers
  6 hornets (Lair:6)
  3 tyrant leeches (Lair:6)
  Prince Ribbit (D:6)
  3 raiju (Lair:6)
  31 blink frogs
  3 slime creatures (D:13)
  6 hippogriffs
  12 dream sheep
  A snapping turtle (Lair:2)
  2 vampires (D:14)
  2 wraiths
  31 yaks
  A shadow (D:12)
  3 basilisks
  A fire bat (Lair:1)
  2 wyverns (D:11)
  4 hungry ghosts
  4 fire elementals
  A steam dragon (D:11)
  4 wargs (Lair:6)
  2 acid dragons (Gauntlet)
  2 nagas (Lair:3)
  10 water moccasins
  13 porcupines
  A hornet zombie (D:6)
  An ice beast (D:12)
  A sky beast (D:7)
  15 hell hounds
  11 orc warriors
  12 black bears
  An eye of draining (D:11)
  A necrophage (D:7)
  2 phantoms
  30 wolves
  4 ogres
  4 centaurs
  18 crocodiles
  4 big kobolds
  10 bullfrogs
  A wyvern skeleton (D:12)
  11 scorpions
  21 killer bees
  2 howler monkeys
  4 wights
  2 electric eels
  8 centaur zombies
  9 crimson imps
  4 bullfrog zombies
  5 hounds
  7 jellies
  Crazy Yiuf (D:5)
  A centaur skeleton (D:5)
  13 orc priests
  A gnoll shaman (D:6)
  2 human zombies (Ossuary)
  A bullfrog skeleton (D:11)
  10 worker ants
  5 iguanas
  12 orc wizards
  6 hell rats (Lair:3)
  2 big kobold zombies (Ossuary)
  3 mummies (Ossuary)
  A howler monkey zombie (D:7)
  2 worker ant zombies
  35 gnolls (D:6)
  3 scorpion zombies (Ossuary)
  11 adders
  4 shadow imps
  An ooze (D:2)
  An adder skeleton (D:4)
  A worm (D:4)
  2 leopard geckos
  53 orcs
  7 giant cockroaches
  6 hobgoblins
  22 jackals (D:6)
  7 quokkas
  A ball python (D:7)
  11 bats
  6 frilled lizards
  2 gnoll zombies (Ossuary)
  3 goblins
  2 goblin zombies (Ossuary)
  3 hobgoblin zombies (Ossuary)
  20 kobolds
  4 kobold zombies (Ossuary)
  A leopard gecko skeleton (D:5)
  A leopard gecko zombie (D:6)
  2 orc zombies (Ossuary)
  3 quokka skeletons
  2 rats (D:1)
  2 fungi
  3 plants (Lair:6)
  A withered plant (Gauntlet)
723 creatures vanquished.

Vanquished Creatures (others)
  An orc (D:11)
  24 fungi
  52 plants
  A withered plant (Gauntlet)
78 creatures vanquished.

Grand Total: 801 creatures vanquished

Notes
Turn   | Place    | Note
-------+----------+-------------------------------------------
     0 | D:1      | Johnny the Demigod Earth Elementalist began the quest for
                  | the Orb.
     0 | D:1      | Reached XP level 1. HP: 14/14 MP: 5/5
   675 | D:1      | Reached skill level 3 in Earth Magic
   852 | D:2      | Reached XP level 2. HP: 20/20 MP: 3/7
  1539 | D:3      | Reached XP level 3. HP: 26/26 MP: 9/9
  2007 | D:3      | Found a blossoming altar of Fedhas.
  2028 | D:3      | Noticed an oklob plant
  2611 | D:4      | Reached skill level 1 in Shields
  2611 | D:4      | Reached XP level 4. HP: 24/33 MP: 11/11
  2702 | D:4      | Learned a level 3 spell: Stone Arrow
  2775 | D:4      | Reached skill level 4 in Earth Magic
  2775 | D:4      | Reached XP level 5. HP: 36/38 MP: 12/12
  2945 | D:4      | Found a shimmering altar of Xom.
  3275 | D:5      | Entered Level 5 of the Dungeon
  3347 | D:5      | Noticed a phantom
  3357 | D:5      | Found a sand-covered staircase.
  3363 | Ossuary  | Entered an ossuary
  3548 | Ossuary  | Reached XP level 6. HP: 30/45 MP: 14/14
  4042 | Ossuary  | Reached skill level 5 in Earth Magic
  4089 | Ossuary  | Reached XP level 7. HP: 34/50 MP: 7/16
  4999 | D:5      | Found a staircase to the Ecumenical Temple.
  5040 | D:5      | Found a snail-covered altar of Cheibriados.
  5732 | D:5      | Found a runed translucent door.
  5733 | D:5      | Noticed Crazy Yiuf
  5741 | D:5      | Killed Crazy Yiuf
  5741 | D:5      | Reached skill level 5 in Spellcasting
  5808 | D:6      | Noticed Prince Ribbit
  5880 | D:6      | Found a hide-covered altar of Uskayaw.
  5950 | D:6      | Reached skill level 6 in Earth Magic
  5950 | D:6      | Reached XP level 8. HP: 57/57 MP: 13/19
  6129 | D:6      | Learned a level 5 spell: Lee's Rapid Deconstruction
  6134 | D:6      | Learned a level 4 spell: Petrify
  6275 | D:6      | Killed Prince Ribbit
  6569 | D:6      | Reached skill level 7 in Earth Magic
  8377 | D:7      | Reached XP level 9. HP: 62/62 MP: 1/23
  8618 | D:7      | Reached skill level 8 in Earth Magic
  8729 | D:7      | Noticed spacerossing's ghost (novice HuGl)
  8774 | D:7      | Found a runed translucent gate.
  8774 | D:7      | Found a runed translucent gate.
  8774 | D:7      | Found a runed translucent gate.
  9072 | D:8      | Reached skill level 9 in Earth Magic
  9905 | D:8      | Found Veraxech's Gadget Boutique.
 10350 | D:9      | Reached XP level 10. HP: 69/69 MP: 12/26
 11348 | D:10     | Entered Level 10 of the Dungeon
 11383 | D:10     | Reached skill level 10 in Earth Magic
 11391 | D:10     | Found a staircase to the Orcish Mines.
 11523 | D:10     | Noticed Fannar
 11622 | D:10     | Killed Fannar
 11816 | D:10     | Noticed Joseph
 11820 | D:10     | Killed Joseph
 12447 | Orc:1    | Entered Level 1 of the Orcish Mines
 12522 | Orc:2    | Entered Level 2 of the Orcish Mines
 12525 | Orc:2    | Noticed Saint Roka
 12643 | D:11     | Reached skill level 10 in Spellcasting
 12877 | D:11     | Noticed a purple ugly thing
 12887 | D:11     | Killed a purple ugly thing
 12887 | D:11     | Reached skill level 11 in Earth Magic
 13220 | D:11     | Reached XP level 11. HP: 53/74 MP: 27/29
 13524 | D:11     | Found a staircase to the Lair.
 13626 | D:11     | Noticed Maurice
 13628 | D:11     | Noticed a two-headed ogre
 13649 | D:11     | Killed Maurice
 13698 | D:11     | Killed a two-headed ogre
 13807 | D:11     | Found a sacrificial altar of Ru.
 14010 | D:11     | Noticed a six-headed hydra
 14014 | D:11     | Killed a six-headed hydra
 14161 | D:12     | Noticed a tengu warrior
 14235 | D:12     | Killed a tengu warrior
 14235 | D:12     | Reached skill level 12 in Earth Magic
 14452 | D:12     | Noticed a two-headed ogre
 14453 | D:12     | Noticed a centaur warrior
 14455 | D:12     | Killed a centaur warrior
 14456 | D:12     | Noticed a centaur warrior
 14476 | D:12     | Killed a centaur warrior
 14478 | D:12     | Killed a two-headed ogre
 14489 | D:12     | Noticed an orc knight
 14791 | D:12     | Noticed a two-headed ogre
 14792 | D:12     | Killed an orc knight
 14808 | D:12     | Killed a two-headed ogre
 15011 | D:12     | Reached XP level 12. HP: 65/81 MP: 24/32
 15193 | Lair:1   | Entered Level 1 of the Lair of Beasts
 15196 | Lair:1   | Found a transporter.
 15277 | Lair:1   | Found a transporter.
 15322 | Lair:1   | Reached skill level 13 in Earth Magic
 15376 | Lair:1   | Got a crude short sword
 15378 | Lair:1   | Got a pair of polished gloves
 15393 | Lair:1   | Identified the +0 pair of gloves of Makhleb's Supremacy
                  | {+Blink Str-4 Dex+7} (You found it on level 1 of the Lair
                  | of Beasts)
 16138 | Lair:2   | Found a staircase to the Shoals.
 16563 | Lair:2   | Found the +8 storm bow {elec, penet}
 17077 | Lair:3   | Found a staircase to the Snake Pit.
 17771 | Lair:4   | Reached skill level 14 in Earth Magic
 18066 | Lair:4   | Noticed Nessos
 18076 | Lair:4   | Killed Nessos
 18209 | Lair:4   | Reached XP level 13. HP: 83/86 MP: 14/35
 19508 | Lair:5   | You fall into a shaft and drop 1 floor!
 19508 | Lair:6   | Entered Level 6 of the Lair of Beasts
 19884 | Lair:6   | Reached skill level 15 in Earth Magic
 20027 | Lair:6   | HP: 2/86 [five-headed hydra (13)]
 21038 | Lair:6   | Found a runed translucent door.
 21458 | Lair:6   | Got a flickering lead ring
 21903 | Lair:6   | Reached XP level 14. HP: 69/93 MP: 36/37
 22908 | Lair:6   | Reached skill level 16 in Earth Magic
 23984 | Lair:6   | Identified the ring of the Louse {Fire rElec rPois rN+
                  | Dex-5} (You found it on level 6 of the Lair of Beasts)
 24308 | Lair:5   | Found a staircase to the Slime Pits.
 24311 | Lair:5   | Reached skill level 15 in Spellcasting
 25958 | D:13     | Found a gate leading to a gauntlet.
 25967 | Gauntlet | Entered a Gauntlet
 25967 | Gauntlet | Found a transporter.
 25967 | Gauntlet | Found a transporter.
 25971 | Gauntlet | Found a transporter.
 25971 | Gauntlet | Found a transporter.
 25982 | Gauntlet | Found a transporter.
 25989 | Gauntlet | Found a transporter.
 25999 | Gauntlet | Found a transporter.
 25999 | Gauntlet | Found a transporter.
 26003 | Gauntlet | Found a transporter.
 26030 | Gauntlet | Found a transporter.
 26037 | Gauntlet | Found a transporter.
 26059 | Gauntlet | Found a transporter.
 26094 | Gauntlet | Found a transporter.
 26110 | Gauntlet | Found a transporter.
 26209 | Gauntlet | Found a transporter.
 26223 | Gauntlet | Found a transporter.
 26715 | Gauntlet | Got a pair of slimy gloves
 26728 | Gauntlet | Identified the +0 pair of gloves "Qicau" {Str+3 Int+4} (You
                  | found it in a Gauntlet)
 26880 | Gauntlet | Got a smoking granite ring
 26881 | Gauntlet | Identified the ring of Fallacy {MR- MP+9 Str+4 Dex+6} (You
                  | found it in a Gauntlet)
 28311 | D:14     | Shot with a bolt by a yaktaur

Levels and vault maps discovered:
D:1:      elethiomel_arrival_quiet, layout_basic, hangedman_feature_mirror
D:2:      layout_basic
D:3:      layout_loops_ring, tgw_fedhas
D:4:      layout_loops_ring, hangedman_decor_peaks_small, dk_noncrumbling_4,
          lemuel_tele_altar
D:5:      layout_loops_corners, minmay_temple_entry_mini_moons, basic_altar,
          enter_ossuary_1, first_ration, minmay_between, uniq_crazy_yiuf_cottage
D:6:      lemuel_castle_with_subvaults [lemuel_castle_interior_carwin_2],
          layout_basic, lemuel_round_altar, uniq_prince_ribbit1
D:7:      layout_rooms, gammafunk_ghost_icy
D:8:      layout_rooms, serial_shops, shop
D:9:      layout_loops_corners
D:10:     layout_small_grid, orc_0_dummy, uniq_fannar, uniq_joseph
D:11:     layout_roguey, erik_lair_dragon, grunt_ogre_cave,
          hangedman_ru_absence, uniq_maurice
D:12:     minmay_the_grid_octo_tiled_squarecenter_mashed
          [minmay_the_grid_octo_checkerflower, minmay_the_grid_octo_odd_swirl,
          minmay_the_grid_octo_vomiting_pacman, minmay_the_grid_octo_checkered,
          minmay_the_grid_square_5x5_megaprize_checkered,
          minmay_the_grid_square_5x5_comb,
          minmay_the_grid_square_5x5_pentomino_r,
          minmay_the_grid_square_5x5_tie,
          minmay_the_grid_square_5x5_hollow_slash], layout_irregular_city,
          kennysheep_pointless_box
D:13:     layout_basic, gauntlet_entry_generic
D:14:     layout_cave_pods, david_vaults_2, uniq_azrael
Lair:1:   gammafunk_cloud_chamber, layout_gridlike, grunt_megastairs_3
Lair:2:   layout_big_grid, minmay_shoals_entry_hut, grunt_megastairs_1
Lair:3:   layout_long_grid, guppyfry_snake_entry_island, grunt_megastairs_4
Lair:4:   layout_regular_city, lemuel_fruit_tree, uniq_nessos
Lair:5:   layout_long_grid, minmay_slime_entry_oklob_enclosed,
          lookout_lair_type, minmay_hedge_maze
Lair:6:   wormcave, layout_regular_city, hangedman_lair_caniforms_friends,
          minmay_lindwurm_lava, infiniplex_staircase_pool_2,
          serial_bayou_shore_a
Orc:1:    layout_caves
Orc:2:    pf_orc_diabolical, layout_diamond_mine, uniq_saint_roka

Skill      XL: |  1  2  3  4  5  6  7  8  9 10 11 12 13 14 |
---------------+-------------------------------------------+-----
Spellcasting   | 2 3 4 5 6 8 10 11 13 14 15 | 15.5
Earth Magic    | 3 4 5 6 7 9 11 12 14 15 16 | 16.7
Shields        | 1 2 3 4 |  4.5
Dodging        | |  1.7
Stealth        | |  1.7
Transmutations | |  0.8

Action                   |  1- 3 |  4- 6 |  7- 9 | 10-12 | 13-15 || total
-------------------------+-------+-------+-------+-------+-------++-------
Melee: Unarmed           |    33 |       |       |       |       ||    33
       Staff             |    19 |     8 |    69 |    66 |    34 ||   196
Throw: Stone             |       |       |       |     1 |       ||     1
 Cast: Sandblast         |    44 |    74 |    71 |   114 |    86 ||   389
       Stone Arrow       |       |    28 |   225 |   181 |   212 ||   646
       Lee's Rapid Decon |       |       |    19 |   110 |   154 ||   283
       Petrify           |       |       |     5 |     6 |     1 ||    12
Evoke: Lamp of fire      |       |       |       |     1 |     1 ||     2
       Wand              |       |       |       |       |     9 ||     9
       Lightning rod     |       |       |       |       |     4 ||     4
  Use: Potion            |     2 |       |       |     1 |     1 ||     4
       Scroll            |       |       |    13 |     3 |     9 ||    25
 Stab: Sleeping          |     5 |     2 |     2 |     2 |       ||    11
       Paralysed         |       |       |       |       |     7 ||     7
  Eat: Chunk             |     4 |     4 |    19 |    28 |    21 ||    76
       Ration            |       |     1 |     3 |     3 |     3 ||    10
Armor: Robe              |    29 |     8 |    77 |    55 |   111 ||   280
Dodge: Dodged            |    54 |    55 |   151 |   155 |   244 ||   659
Block: Buckler           |       |       |    39 |    72 |   112 ||   223
